 Dungeon Crawl Stone Soup version 0.24-a0-545-gd1b266bae6 (webtiles) character file.

Game seed: 7219306999068869925

0 Jannitor the Ducker (level 1, -11/11 HPs)
             Began as a Spriggan Abyssal Knight on Aug 18, 2019.
             Was a Follower of Lugonu.
             Killed from afar by a wretched star (21 damage)
             ... with an orb of energy
             ... on level 3 of the Abyss.
             The game lasted 00:00:53 (229 turns).

Jannitor the Ducker (Spriggan Abyssal Knight)        Turns: 229, Time: 00:00:53

Health: -11/11     AC:  2    Str:  8    XL:     1   Next: 0%
Magic:  2/2        EV: 18    Int: 13    God:    Lugonu [*.....]
Gold:   82         SH:  0    Dex: 15    Spells: 0/0 levels left

rFire    . . .     SeeInvis +   a - +1 short sword
rCold    . . .     Gourm    .   (shield restricted)
rNeg     . . .     Faith    .   b - +0 robe
rPois    .         Spirit   .   (helmet restricted)
rElec    .         Reflect  .   (no cloak)
rCorr    .         Harm     .   (gloves unavailable)
MR       .....                  (boots unavailable)
Stlth    +.........             (no amulet)
HPRegen  0.03/turn              (no ring)
MPRegen  0.08/turn              (no ring)

@: very quick
A: very small, unfitting armour, see invisible, herbivore, speed 3, [low mp 2],
slow metabolism 2
a: Depart the Abyss, Renounce Religion


You were on level 3 of the Abyss.
You worshipped Lugonu.
Lugonu was aware of your devotion.
You were not hungry.

You visited 0 branches of the dungeon, and saw 0 of its levels.
You visited the Abyss 1 time.

You collected 82 gold pieces.

Inventory:

Hand Weapons
 a - a +1 short sword (weapon)
Missiles
 e - 42 arrows
Armour
 b - a +0 robe (worn)
Jewellery
 d - a +3 ring of intelligence {unknown}
Scrolls
 f - a scroll of teleportation {unknown}
Potions
 g - a potion of lignification {unknown}
Comestibles
 c - a ration


   Skills:
 + Level 2.4 Fighting
 + Level 2.1 Short Blades
 + Level 3.5 Dodging
 + Level 1.7 Invocations


You couldn't memorise any spells.
You didn't know any spells.
Your spell library was empty.

Dungeon Overview and Level Annotations

Branches:
Dungeon (0/15)

Altars:


Innate Abilities, Weirdness & Mutations

You are very small and have problems with some larger weapons.
You are too small for most types of armour.
You have supernaturally acute eyesight. (SInv)
You are a herbivore.
You cover ground extremely quickly.
You need to consume almost no food.
[Your magical capacity is very low. (-20% MP)]


Message History

Found 22 bolts.
There is a gateway leading deeper into the Abyss here.
You plunge deeper into the Abyss.
The abyssal rune of Zot can be found at this depth.
Found 17 stones.
Unknown command.
You now have 35 gold pieces.
You now have 82 gold pieces (gained 47).
A small abomination coalesces out of seething chaos.
A smoke demon comes into view.
The smoke demon roars!
A large abomination comes into view.
A smoke demon comes into view.
A wretched star comes into view.
The wretched star pulses with an eldritch light!
You feel less energetic. x2
The wretched star glows turbulently.
The orb of energy hits you!!
Ouch! That really hurt!
You die...

#.#..#.....##.#.
#. ..#.3.#.##
##..##....#
#.#.#.###.... .
#.#.##.######
#.##.#..# # .
....#.#.# .#...
.##..##.##.....#
.
#......@.#..###
# #.##.X...#.##
#..#....#.
..3.#..###..#
.#####.. ##* #
.## # . ..


You could see a wretched star, a large abomination (wandering) and a smoke
demon.

Vanquished Creatures (others)
  8 starspawn tentacles (Abyss:2)
8 creatures vanquished.

Notes
Turn   | Place    | Note
-------+----------+-------------------------------------------
     0 | Abyss:1  | Jannitor the Spriggan Abyssal Knight began the quest for
                  | the Orb.
     0 | Abyss:1  | Reached XP level 1. HP: 11/11 MP: 3/3
    38 | Abyss:1  | Noticed a harpy
    38 | Abyss:1  | a shapeshifter changed into a harpy
    44 | Abyss:1  | Noticed a mana viper
    51 | Abyss:1  | Noticed an ancient zyme
    85 | Abyss:1  | Noticed a ynoxinul
   109 | Abyss:1  | Noticed a large abomination
   132 | Abyss:2  | Noticed a tentacled starspawn
   218 | Abyss:3  | Noticed a small abomination
   219 | Abyss:3  | Noticed a smoke demon
   225 | Abyss:3  | Noticed a large abomination
   227 | Abyss:3  | Noticed a smoke demon
   228 | Abyss:3  | Noticed a wretched star
   229 | Abyss:3  | Killed from afar by a wretched star

Levels and vault maps discovered:
Abyss:3:  evilmike_abyss_exit_vortex, evilmike_abyss_rune_elephants_shrine

Action                   || total
-------------------------++-------
Dodge: Dodged            ||     2

Table legend:
 A = Non-vault XP
 B = Vault XP
 C = Vault XP percentage of total XP
 D = Non-vault monster count
 E = Vault monster count
 F = Vault count percentage of total count
                 A         B        C        D         E       F
            +---------+---------+-------+---------+---------+-------
      Total |       0 |       0 |   N/A |       0 |       0 |  -nan
            +---------+---------+-------+---------+---------+-------
            +---------+---------+-------+---------+---------+-------
